[Event "*** SCC Grand Prix: Titled Tuesday Blitz"]
[Site "Chess.com"]
[Date "2020.06.09"]
[Round "7"]
[White "Roza_Idrisova"]
[Black "topin8"]
[Result "1-0"]
[WhiteElo "2189"]
[BlackElo "2341"]
[TimeControl "180+1"]
[EndTime "10:19:09 PDT"]
[Termination "Roza_Idrisova won on time"]

1. d4 Nf6 2. Nf3 b6 3. c4 e6 4. a3 Bb7 5. Nc3 Be7 6. Bg5 Ne4 7.
Nxe4 Bxe4 8. Bxe7 Qxe7 9. e3 O-O 10. Bd3 Bxd3 11. Qxd3 d6 12. O-O Nd7 13. e4 a5 14. e5 Rfd8 15. Qe4 dxe5 16. Nxe5 Nxe5 17. dxe5 Qc5 18. Rad1 h6 19. h3 a4 20. Kh2 Rab8 21.
f4 g6 22. h4 h5 23. Kh1 Kg7 24. Kh2 b5 25. cxb5 Qxb5 26. Rxd8 Rxd8 27. Rf2 c5 28.
Qe1 Rd3 29. Qc1 c4 30. Rc2 Rd4 31. Qe3 Qd5 32. Rf2 Rd3 33. Qc1 Qe4 34. Qc2 Qd4 35. Qe2 Re3 36. Qc2 Rb3 37. Qe2 c3 38. bxc3 Qxc3 39. Rf3 Qc1 40. Kg3 Qxa3 41. Qd2 1-0

[Event "*** SCC Grand Prix: Titled Tuesday Blitz"]
[Site "Chess.com"]
[Date "2020.06.09"]
[Round "7"]
[White "kushagramohan"]
[Black "MoonlighT89"]
[Result "0-1"]
[WhiteElo "2715"]
[BlackElo "2584"]
[TimeControl "180+1"]
[EndTime "10:19:10 PDT"]
[Termination "MoonlighT89 won by resignation"]

1. e4 c5 2. Nf3 e6 3. d4 cxd4 4. Nxd4 Nc6 5. Nc3 Qc7 6. f4 a6 7. Be2 b5 8. Nxc6 dxc6 9. Be3 Nf6 10. e5 Nd5 11. Nxd5 cxd5 12. Bd4 Bc5 13. c3 O-O 14. O-O Bd7 15. Kh1 Rfc8 16. Rc1 Bxd4 17. cxd4 Qb6 18.
Qd2 g6 19. h4 h5 20. g3 b4 21. Kg2 a5 22. Kf2 Bb5 23. Bxb5 Qxb5 24. Ke3 a4 25.
Rxc8+ Rxc8 26. Rc1 Rc4 27. b3 Rxc1 28. Qxc1 axb3 29. axb3 Qa5 30. f5 gxf5 31. Kf4 Qa2 32. Qe3 Qc2 33. Kf3 Qe4+ 34. Qxe4 fxe4+ 35. Kf4 Kg7 36. Ke3 Kh6 37. Kf4 Kg6 38. g4 hxg4 39. Kxg4 Kh6 40. Kf4 Kh5 41. Kg3 e3 42. Kf3 Kxh4 43.
Kxe3 Kg3 44. Ke2 Kf4 45. Kd3 Kf3 0-1

[Event "*** SCC Grand Prix: Titled Tuesday Blitz"]
[Site "Chess.com"]
[Date "2020.06.09"]
[Round "7"]
[White "VALPARAISO37"]
[Black "thedjoker98"]
[Result "1/2-1/2"]
[WhiteElo "2403"]
[BlackElo "2538"]
[TimeControl "180+1"]
[EndTime "10:19:10 PDT"]
[Termination "Game drawn - insufficient material"]

1. d4 d5 2. c4 c6 3. Nc3 dxc4 4. e4 b5 5. a4 b4 6. Na2 Nf6 7. e5 Nd5 8. Bxc4 e6 9. Nf3 Be7 10. O-O Ba6 11. Qe2 Qb6 12. Bd2 O-O 13. Nc1 c5 14. Nb3 cxd4 15. Nbxd4 Bxc4 16. Qxc4 Nd7 17. a5 Qb7 18.
Qb5 Qxb5 19. Nxb5 a6 20. Nbd4 Rfc8 21. Rfc1 Nc5 22. g3 Rc7 23. Rc4 Rac8 24. Rac1 Nb7 25.
Rxc7 Rxc7 26. Nc6 Kf8 27. Nfd4 Bc5 28. Kf1 Bxd4 29. Nxd4 Rxc1+ 30. Bxc1 Nxa5 31. Ke2 Ke8 32. f4 Kd7 33. Kd3 Nc6 34. Nb3 Nb8 35. Kc4 Kc6 36. Nd4+ Kb6 37. f5 Nc7 38. Kxb4 Nc6+ 39. Nxc6 Kxc6 40.
fxe6 fxe6 41. Ka5 Kd5 42. Kb6 Nb5 43. Bf4 h6 44. h4 g5 45. hxg5 hxg5 46. Bxg5 Kxe5 47.
Kxa6 Nd4 48. b4 Kf5 49. Bh6 e5 50. b5 Nxb5 51. Kxb5 Kg4 52. Bf4 exf4 53. gxf4 Kxf4 1/2-1/2

[Event "*** SCC Grand Prix: Titled Tuesday Blitz"]
[Site "Chess.com"]
[Date "2020.06.09"]
[Round "7"]
[White "GOGIEFF"]
[Black "Evgeny81"]
[Result "1-0"]
[WhiteElo "2910"]
[BlackElo "2761"]
[TimeControl "180+1"]
[EndTime "10:19:11 PDT"]
[Termination "GOGIEFF won by resignation"]

1. d4 Nf6 2. c4 e6 3. Nc3 Bb4 4. e3 b6 5. Ne2 Ne4 6. Qc2 Bb7 7. a3 Bxc3+ 8. Nxc3 Nxc3 9. Qxc3 Qh4 10. b4 d6 11.
Bb2 Nd7 12. d5 e5 13. Bd3 O-O 14. O-O Rae8 15. f4 Qh6 16. Rae1 Bc8 17. Bc2 exf4 18. exf4 Nf6 19. Qg3 Bd7 20. Qg5 Qxg5 21. fxg5 Rxe1 22. Rxe1 Re8 23. Rxe8+ Nxe8 24. Kf2 c5 25. dxc6 Bxc6 26. g3 Nc7 27. Ke3 Ne6 28. h4 d5 29.
cxd5 Bxd5 30. Be4 Bc4 31. Be5 Bf1 32. Bb8 a5 33. bxa5 bxa5 34. Bd6 Bb5 35. Bd5 Bd7 36. Kd3 Bb5+ 37. Kc3 g6 38. Bc4 Bc6 39. Bb3 a4 40. Bc2 Kg7 41. Be5+ Kf8 42. Kb4 Ng7 43. Bxa4 Be4 44.
Bxg7+ Kxg7 45. Kc5 f6 46. Bc6 Bd3 47. a4 fxg5 48. hxg5 h6 49. a5 hxg5 50. Bb5 Be4 51.
a6 Kf6 52. Bc6 1-0

[Event "*** SCC Grand Prix: Titled Tuesday Blitz"]
[Site "Chess.com"]
[Date "2020.06.09"]
[Round "7"]
[White "cassoulet"]
[Black "ketster"]
[Result "1-0"]
[WhiteElo "2617"]
[BlackElo "2468"]
[TimeControl "180+1"]
[EndTime "10:19:11 PDT"]
[Termination "cassoulet won on time"]

1. e4 e5 2. Nf3 Nc6 3. Bb5 a6 4. Ba4 Nf6 5. d3 d6 6. O-O g6 7. Bg5 Bg7 8. Qd2 h6 9. Bh4 g5 10. Bg3 Nh5 11. Bxc6+ bxc6 12. d4 Nf4 13. dxe5 dxe5 14.
Qxd8+ Kxd8 15. Nc3 Ke7 16. Rfd1 Bg4 17. Kf1 Rab8 18.
b3 h5 19. h4 Bxf3 20. gxf3 gxh4 21. Bxh4+ Bf6 22. Bg3 h4 23. Bh2 h3 24. Ne2 Ne6 25. c3 Ng5 26. Rd3 Rbd8 27. Re3 Ne6 28. Ng3 Rd2 29.
Nf5+ Kd8 30. Re2 Rxe2 31. Kxe2 Kc8 32. Rh1 Nf4+ 33. Ke3 Bg5 34. Bxf4 Bxf4+ 35. Ke2 h2 36. Ng3 Rh3 37. Nf1 Kb7 38. Ne3 Rh6 39. Ng2 c5 40. Kf1 Bg5 41. Ne1 Kc6 42. c4 Bf4 43. Nd3 Kb6 44. Kg2 1-0

[Event "*** SCC Grand Prix: Titled Tuesday Blitz"]
[Site "Chess.com"]
[Date "2020.06.09"]
[Round "7"]
[White "dosto07"]
[Black "Jbd735"]
[Result "0-1"]
[WhiteElo "2146"]
[BlackElo "2461"]
[TimeControl "180+1"]
[EndTime "10:19:11 PDT"]
[Termination "Jbd735 won on time"]

1. e4 e5 2. Nf3 Nc6 3. Bb5 a6 4. Ba4 Nf6 5. O-O Be7 6. Re1 b5 7. Bb3 d6 8. a4 b4 9. d4 Bg4 10.
c3 Bxf3 11. gxf3 O-O 12. a5 Rb8 13. Bc4 Qc8 14. d5 Nd8 15. Qe2 Nh5 16. Bxa6 Qh3 17.
Qf1 Qh4 18. Bd3 Bg5 19. Bxg5 Qxg5+ 20. Qg2 Qxg2+ 21. Kxg2 Nf4+ 22. Kh1 Nxd3 23. Rf1 Nxb2 24. cxb4 Rxb4 25. Nc3 Nb7 26. a6 Nc5 27. Rfb1 Ra8 28. a7 Kf8 29. Ra2 Ncd3 30. Kg1 Rb7 31. Kf1 Rbxa7 32. Raxb2 Nxb2 33. Rxb2 Ke7 34. Rc2 Ra1+ 35. Ke2 Rb8 36. f4 exf4 37. Kf3 g5 38. Kg4 h6 39. Kf5 Rh1 40. f3 Rf1 41. Kg4 Rh8 42. Ne2 Kf6 43.
Nd4 h5+ 44. Kh3 Rd1 0-1

[Event "*** SCC Grand Prix: Titled Tuesday Blitz"]
[Site "Chess.com"]
[Date "2020.06.09"]
[Round "7"]
[White "gumimis"]
[Black "mjray79"]
[Result "0-1"]
[WhiteElo "2146"]
[BlackElo "2301"]
[TimeControl "180+1"]
[EndTime "10:19:11 PDT"]
[Termination "mjray79 won by resignation"]

1. e4 e5 2. Nf3 Nc6 3. Bb5 a6 4. Ba4 Nf6 5. O-O Be7 6. Re1 b5 7. Bb3 d6 8. c3 O-O 9. h3 Nb8 10.
d4 Nbd7 11. c4 c5 12. dxe5 dxe5 13. Nc3 Bb7 14. cxb5 axb5 15. Nxb5 Bxe4 16. Bg5 h6 17. Bh4 Bc6 18. Nc3 e4 19. Bxf6 Nxf6 20. Ne5 Bb7 21. Qe2 Bd6 22. Ng6 Re8 23. Qc4 Qd7 24. Rad1 Ba6 25. Rxd6 Bxc4 26. Rxd7 Nxd7 27. Bxc4 Nb6 28. Bb5 fxg6 29. Bxe8 Rxe8 30. a4 Nc4 31. b3 Nd2 32. a5 Nxb3 33. a6 Ra8 34. Nxe4 Rxa6 35.
Rb1 c4 36. Kf1 Re6 37. Re1 Rxe4 38. Rxe4 Nd2+ 39. Ke2 Nxe4 40. f3 Nd6 41. Kd2 Kf7 42. Kc3 Ke6 43. Kd4 Kf5 44. g3 h5 45. h4 g5 46. hxg5 Kxg5 47. Kd5 c3 48. Kxd6 c2 49. Ke5 c1=Q 0-1

[Event "*** SCC Grand Prix: Titled Tuesday Blitz"]
[Site "Chess.com"]
[Date "2020.06.09"]
[Round "7"]
[White "Mazetovic"]
[Black "Jumbo"]
[Result "0-1"]
[WhiteElo "2627"]
[BlackElo "2823"]
[TimeControl "180+1"]
[EndTime "10:19:12 PDT"]
[Termination "Jumbo won by resignation"]

1. e4 c5 2. Nf3 d6 3. Bb5+ Bd7 4.
Bxd7+ Nxd7 5. O-O Ngf6 6. Qe2 e6 7. b3 Be7 8. Bb2 O-O 9. c4 a6 10. d4 cxd4 11. Nxd4 Qa5 12. Nc3 Rac8 13. Rac1 Rfe8 14. Rfd1 Bf8 15. h3 Ne5 16. Nf3 Ng6 17. g3 Rb8 18. a3 Rbc8 19. Kg2 Nd7 20. b4 Qc7 21. Nb1 Qb8 22.
Nbd2 Rc7 23. h4 h6 24. h5 Ne7 25. Nb3 Nc6 26. Nfd4 Rec8 27. Nxc6 Rxc6 28. Nd4 R6c7 29. f4 Nb6 30. f5 e5 31. Nf3 Rxc4 32. Rxc4 Nxc4 33. Bc1 Be7 34. Nd2 Nb6 35. Nf1 Qc7 36. Be3 Qc2 37. Rd2 Qxe4+ 38. Qf3 Qxf3+ 39. Kxf3 Nc4 40. Rd3 b5 41. Ke4 Kf8 42. Bf2 Bg5 43. Bg1 Ke7 44.
Bf2 Kd7 45. g4 Kc6 46. Rc3 d5+ 47. Kf3 e4+ 48. Kg2 Bf6 49. Rc1 d4 50. Ng3 Kd5 51. Re1 e3 52. Bg1 Be5 53. Nf1 Ke4 54. Bh2 Bxh2 55.
Kxh2 d3 56. Ng3+ Kd4 0-1

[Event "*** SCC Grand Prix: Titled Tuesday Blitz"]
[Site "Chess.com"]
[Date "2020.06.09"]
[Round "7"]
[White "juniortay"]
[Black "Caterpiller35"]
[Result "0-1"]
[WhiteElo "2396"]
[BlackElo "2303"]
[TimeControl "180+1"]
[EndTime "10:19:12 PDT"]
[Termination "Caterpiller35 won by resignation"]

1. e4 c5 2. Nf3 Nc6 3. b4 cxb4 4.
d4 d5 5. exd5 Qxd5 6. c4 Qa5 7.
Nbd2 e6 8. Nb3 Qd8 9. d5 Na5 10. Bb2 Nf6 11. Ne5 Nxb3 12. Qxb3 Bc5 13. O-O-O exd5 14. Qa4+ Kf8 15. Bd3 Be6 16. Kb1 Qc7 17. f4 a6 18. f5 dxc4 19. fxe6 b5 20. Qc2 fxe6 21. Be4 Rc8 22. Rhf1 c3 23. Nd7+ Ke7 24. Nxf6 gxf6 25. Qe2 cxb2 26. Qh5 Qe5 27. Qh4 Be3 28. Bd3 Rc1+ 29.
Rxc1 bxc1=Q+ 30. Rxc1 Bxc1 31. Kxc1 Rc8+ 32. Bc2 Qa1+ 33.
Kd2 Qc3+ 34. Kd1 Qxc2+ 35. Ke1 Qc1+ 36. Kf2 Rc2+ 37. Kg3 Qe3+ 38. Kg4 Rc4+ 0-1

[Event "*** SCC Grand Prix: Titled Tuesday Blitz"]
[Site "Chess.com"]
[Date "2020.06.09"]
[Round "7"]
[White "shineatchess"]
[Black "Future2700"]
[Result "0-1"]
[WhiteElo "2257"]
[BlackElo "2400"]
[TimeControl "180+1"]
[EndTime "10:19:12 PDT"]
[Termination "Future2700 won by resignation"]

1. e4 c5 2. Nf3 e6 3. c3 d5 4. exd5 Qxd5 5. d4 Nf6 6. Na3 Qd8 7. Nc4 Nc6 8. Nce5 cxd4 9. Nxc6 bxc6 10. Qxd4 Qb6 11.
Bd3 c5 12. Qa4+ Bd7 13. Qc2 Rb8 14. O-O Be7 15. Be3 Nd5 16. Bd2 O-O 17. b3 Bc6 18.
Ne5 h6 19. Nxc6 Qxc6 20. Be4 Qc7 21. c4 Nb4 22. Bxb4 Rxb4 23. Qe2 Bf6 24. Rad1 Bd4 25. Bb1 a5 26. Qe4 g6 27. Qh4 Kg7 28. Rd3 Qe5 29. Rfd1 g5 30. Qh3 a4 31. R3d2 axb3 32. axb3 Rfb8 33.
Qd3 Qf6 34. Bc2 Rd8 35. Qh7+ Kf8 36. g3 Ra8 37. Kg2 Ra2 38. Be4 Rxd2 39. Rxd2 Rxb3 40. Ra2 Rb8 41. f3 Qg7 42. Qxg7+ Kxg7 43. h4 f5 44. Bd3 g4 45. fxg4 fxg4 46. Ra7+ Kf6 47. Rh7 Rb2+ 48. Kf1 Rf2+ 49. Ke1 Rf3 50. Rxh6+ Kg7 51.
Rg6+ Kf7 52. Bc2 Rc3 53. Be4 Re3+ 54. Kd2 Rxe4 55. h5 Be5 56. Kd3 Rd4+ 57. Ke3 Bxg3 58.
h6 Kxg6 0-1

[Event "*** SCC Grand Prix: Titled Tuesday Blitz"]
[Site "Chess.com"]
[Date "2020.06.09"]
[Round "7"]
[White "BlackBoarder"]
[Black "OparinGrigoriy"]
[Result "1-0"]
[WhiteElo "2668"]
[BlackElo "2874"]
[TimeControl "180+1"]
[EndTime "10:19:13 PDT"]
[Termination "BlackBoarder won on time"]

1. e4 c6 2. Nf3 d5 3. Nc3 dxe4 4. Nxe4 Nf6 5. Nxf6+ exf6 6. Bc4 Na6 7. O-O Nc7 8. Re1+ Be7 9. Qe2 Be6 10. Bxe6 Nxe6 11. d4 O-O 12. c3 Re8 13. Bd2 a5 14. a4 Qd5 15. Qd3 Rad8 16. h3 Nc5 17. Qc2 Qb3 18. Qxb3 Nxb3 19. Rad1 b5 20. axb5 cxb5 21. Bf4 a4 22.
Nd2 g5 23. Bg3 f5 24. f3 f4 25. Bf2 Nxd2 26. Rxd2 Bd6 27. Rde2 Rxe2 28. Rxe2 f6 29. Kf1 Kf7 30. Ke1 b4 31. cxb4 Bxb4+ 32. Kd1 Rc8 33. Be1 Bd6 34. Bc3 a3 35. Kc2 a2 36. Re1 Re8 37. Ra1 Re2+ 38. Kd3 Rxg2 39. Rxa2 Rg3 40. Ke4 Rxh3 41. Ra6 Bf8 42. d5 1-0

[Event "*** SCC Grand Prix: Titled Tuesday Blitz"]
[Site "Chess.com"]
[Date "2020.06.09"]
[Round "7"]
[White "MisiekZielony"]
[Black "LuckSlayeer"]
[Result "0-1"]
[WhiteElo "2150"]
[BlackElo "2462"]
[TimeControl "180+1"]
[EndTime "10:19:13 PDT"]
[Termination "LuckSlayeer won by checkmate"]

1. c4 c5 2. Nc3 Nc6 3. g3 Nf6 4. Bg2 g6 5. e4 Bg7 6. Nge2 d6 7. O-O O-O 8. d3 e6 9. f4 a6 10. h3 Rb8 11. Rb1 Nd7 12. b3 b5 13.
g4 Nd4 14. g5 Bb7 15. Be3 Qa5 16. Qd2 Ba8 17. Kh2 Qc7 18. h4 f6 19. Nxd4 cxd4 20. Bxd4 e5 21. Be3 exf4 22. Bxf4 Ne5 23. Bh3 fxg5 24. hxg5 bxc4 25. dxc4 Qc5 26. Nd5 Kh8 27.
Kh1 Bxd5 28. exd5 Rbe8 29. Be3 Qc7 30. Bd4 Qe7 31. Be6 Rxf1+ 32. Rxf1 Rf8 33. Rxf8+ Qxf8 34. Bxe5 Bxe5 35. Qe2 Qf4 36. Kg2 Qg3+ 37. Kf1 Bd4 38. Qe4 Qf2# 0-1

[Event "*** SCC Grand Prix: Titled Tuesday Blitz"]
[Site "Chess.com"]
[Date "2020.06.09"]
[Round "7"]
[White "JulAnt"]
[Black "Chess2019Player"]
[Result "1-0"]
[WhiteElo "2371"]
[BlackElo "2173"]
[TimeControl "180+1"]
[EndTime "10:19:13 PDT"]
[Termination "JulAnt won on time"]

1. e4 e6 2. d4 d5 3. Nd2 Be7 4. Ngf3 Nf6 5. e5 Nfd7 6. Bd3 c5 7. c3 Nc6 8. O-O g5 9. dxc5 g4 10. Nd4 Ndxe5 11. Bb5 Bd7 12. N2b3 h5 13. Qe2 Bf6 14.
Bf4 Ng6 15. Bd6 Nxd4 16. cxd4 Bxb5 17. Qxb5+ Qd7 18. Qe2 Be7 19. Bxe7 Qxe7 20. Rfe1 Qg5 21. Na5 Nf4 22. Qe3 h4 23. Nxb7 Kf8 24. Qe5 Qxe5 25. Rxe5 Rb8 26. c6 Ke7 27. Re3 Rhc8 28. g3 hxg3 29. hxg3 Nh3+ 30. Kg2 Rxc6 31. Rb3 Rc2 32. Rf1 Ng5 33. a4 Ne4 34. Rb4 a5 35. Rb5 Rc7 36. Nxa5 Rxb5 37. axb5 Rc2 38. Nc6+ Kd6 39. b4 Rb2 40. Kg1 1-0

[Event "*** SCC Grand Prix: Titled Tuesday Blitz"]
[Site "Chess.com"]
[Date "2020.06.09"]
[Round "7"]
[White "Oneofmyturns"]
[Black "GMKrikor"]
[Result "1-0"]
[WhiteElo "2586"]
[BlackElo "2716"]
[TimeControl "180+1"]
[EndTime "10:19:15 PDT"]
[Termination "Oneofmyturns won on time"]

1. d4 Nf6 2. c4 g6 3. Nc3 d5 4.
cxd5 Nxd5 5. e4 Nxc3 6. bxc3 Bg7 7. Be3 c5 8. Rc1 Qa5 9. Qd2 O-O 10. Nf3 cxd4 11. cxd4 Qxd2+ 12. Nxd2 Nc6 13. Nb3 a5 14. d5 Nb4 15. a4 f5 16. f3 fxe4 17. fxe4 e6 18.
Bc4 exd5 19. exd5 Kh8 20. Rf1 Bf5 21. Bc5 Rfe8+ 22. Kf2 Rac8 23. Bb5 Red8 24. Bb6 Rxd5 25.
Rxc8+ Bxc8 26. Rc1 Bf5 27. Rc7 h5 28. Nxa5 Rd2+ 29. Ke1 Rxg2 30. Rxb7 Nc2+ 31. Kf1 Rxh2 32.
Rb8+ Kh7 33. Rb7 Kh6 34. Kg1 Rd2 35. Nb3 Rd1+ 36. Kf2 Be5 37. Ke2 Rb1 38. Kd2 Nb4 39. Be3+ g5 40. Nc5 Rb2+ 41. Ke1 Nd5 42. Bc1 1-0

[Event "*** SCC Grand Prix: Titled Tuesday Blitz"]
[Site "Chess.com"]
[Date "2020.06.09"]
[Round "7"]
[White "MarceloPlaya"]
[Black "chenxiaoyuer"]
[Result "0-1"]
[WhiteElo "2243"]
[BlackElo "2379"]
[TimeControl "180+1"]
[EndTime "10:19:15 PDT"]
[Termination "chenxiaoyuer won on time"]

1. e4 c5 2. Nf3 d6 3. d4 cxd4 4. Nxd4 Nf6 5. Nc3 Nc6 6. Bg5 e6 7. Qd2 Qb6 8. Nb3 Be7 9. O-O-O O-O 10. h4 Rd8 11. Be3 Qc7 12. g4 d5 13. exd5 Nxd5 14. Nxd5 Rxd5 15. Bd3 Nb4 16. Kb1 b6 17. g5 Ba6 18. Qe2 Nxd3 19. cxd3 Rad8 20. Nc1 Qb7 21.
Qf3 R5d7 22. Qxb7 Bxb7 23. Rhe1 Bf3 24. a3 Bxd1 25. Rxd1 f6 26. f4 fxg5 27. fxg5 Bc5 28. Bd2 Rd4 29. Re1 Rxh4 30. Rxe6 Rg4 31. b4 Bf8 32. Rc6 Be7 33. Rc7 Bxg5 34. Bc3 Bf6 35. Bxf6 gxf6 36. Rxa7 h5 37. Ra6 h4 38. Rxb6 h3 39.
Rxf6 Rh4 40. Rf1 h2 41. Rh1 Kf7 42. Kc2 Rg8 43. Ne2 Rg2 44. Kd2 Ke6 45. Ke1 Kd5 0-1

[Event "*** SCC Grand Prix: Titled Tuesday Blitz"]
[Site "Chess.com"]
[Date "2020.06.09"]
[Round "7"]
[White "rududuyk"]
[Black "Charlottemillard17"]
[Result "0-1"]
[WhiteElo "2172"]
[BlackElo "1519"]
[TimeControl "180+1"]
[EndTime "10:19:15 PDT"]
[Termination "Charlottemillard17 won on time"]

1. e4 e5 2. Nf3 Nc6 3. Nc3 Nf6 4. d4 exd4 5. Nd5 Bc5 6. Bg5 h6 7. Bxf6 gxf6 8. a3 d6 9. Bb5 Bd7 10. Qd2 a6 11. Bxc6 Bxc6 12. Nxd4 Bxd5 13. exd5 Qe7+ 14.
Ne2 O-O-O 15. O-O Rhg8 16. b4 Bb6 17. c4 Qe4 18. Ng3 Qh4 19. Rfc1 Bd4 20. Ra2 Rg4 21. c5 dxc5 22. bxc5 Rxd5 23. Qe2 Rd8 24. Rd2 Rdg8 25. Rcd1 Be5 26. Qf3 Bxg3 27. Qf5+ Kb8 28. Rd8+ Rxd8 29. Rxd8+ Ka7 30. fxg3 Qg5 31. Qc8 Qc1+ 32. Kf2 Qc2+ 33. Kf3 Qe4+ 34. Kf2 Qc2+ 35. Kf3 Qe4+ 36. Kf2 Qf5+ 37. Kg1 Qxc8 38. Rxc8 Ra4 39. Rxc7 Rxa3 40. Rxf7 Ra1+ 0-1

[Event "*** SCC Grand Prix: Titled Tuesday Blitz"]
[Site "Chess.com"]
[Date "2020.06.09"]
[Round "7"]
[White "obliviate12"]
[Black "Bigfish1995"]
[Result "0-1"]
[WhiteElo "2814"]
[BlackElo "2992"]
[TimeControl "180+1"]
[EndTime "10:19:16 PDT"]
[Termination "Bigfish1995 won on time"]

1. e4 c5 2. Nf3 d6 3. d4 cxd4 4. Nxd4 Nf6 5. Nc3 a6 6. Be2 e6 7. a4 Be7 8. Be3 O-O 9. a5 e5 10. Nb3 Be6 11. Bf3 Nbd7 12. O-O Rc8 13. Nd5 Nxd5 14.
exd5 Bf5 15. c3 Bg5 16. Qd2 Bxe3 17. Qxe3 Qh4 18. Nd2 Nf6 19. c4 Bg4 20. b4 Rfe8 21. Rac1 e4 22. Bxg4 Qxg4 23. Rfe1 Re5 24. Qg3 Qd7 25.
f4 Ree8 26. Nf1 Qa4 27. Ne3 Qxb4 28. h3 Qxa5 29. Kh2 g6 30. Qg5 Qd8 31. Red1 Nh5 32.
Qg4 Qf6 33. g3 Ng7 34. c5 Qb2+ 35. Rc2 Qb5 36. cxd6 Rxc2+ 37. Nxc2 f5 38. d7 Rd8 39. Qg5 Qe2+ 0-1

[Event "*** SCC Grand Prix: Titled Tuesday Blitz"]
[Site "Chess.com"]
[Date "2020.06.09"]
[Round "7"]
[White "DACF2905"]
[Black "jonaszmb"]
[Result "0-1"]
[WhiteElo "2235"]
[BlackElo "2425"]
[TimeControl "180+1"]
[EndTime "10:19:17 PDT"]
[Termination "jonaszmb won on time"]

1. d4 d5 2. c4 Bf5 3. Nc3 e6 4. cxd5 exd5 5. Nf3 Nc6 6. a3 Nf6 7. Bf4 Bd6 8. Bxd6 Qxd6 9. e3 O-O 10. Bd3 Ne7 11. O-O c6 12. Ne5 Rae8 13. Rc1 Nd7 14. Bxf5 Nxf5 15. Nd3 Nf6 16. b4 Qe7 17. Qf3 Nd6 18. Rfe1 Nc4 19. Ra1 Ne4 20. Ne2 f5 21.
Nc5 b6 22. Nd3 Rf6 23. Nef4 Ref8 24. b5 g5 25. Nh5 Rh6 26. Ng3 Ncd2 27. Qe2 c5 28.
Ne5 g4 29. Nxe4 Nxe4 30. f3 Qh4 31. g3 Nxg3 32. Qg2 Nh5 33. fxg4 fxg4 34. Qxg4+ Qxg4+ 35. Nxg4 Rg6 36. h3 Nf6 37. Kh2 Nxg4+ 38. hxg4 Rf2+ 39. Kg3 Rb2 40. dxc5 bxc5 41. a4 h5 42. Kf4 Rxg4+ 43. Ke5 Rd2 44. Kd6 d4 45. Kxc5 d3 46. Rad1 Rc2+ 0-1

[Event "*** SCC Grand Prix: Titled Tuesday Blitz"]
[Site "Chess.com"]
[Date "2020.06.09"]
[Round "7"]
[White "parnali1611"]
[Black "krasavetc"]
[Result "0-1"]
[WhiteElo "2028"]
[BlackElo "2222"]
[TimeControl "180+1"]
[EndTime "10:19:17 PDT"]
[Termination "krasavetc won on time"]

1. d4 d5 2. c4 dxc4 3. e4 c6 4. Bxc4 e6 5. Nf3 Nf6 6. Bg5 Be7 7. O-O Nxe4 8. Bxe7 Qxe7 9. Re1 Nf6 10. Nc3 O-O 11.
d5 cxd5 12. Nxd5 Nxd5 13. Bxd5 Qb4 14. Re4 Qxb2 15. Rb1 Qf6 16. Bxb7 Bxb7 17. Rxb7 Rd8 18. Qb1 Nc6 19. h3 Rab8 20. Qb5 Rbc8 21. Kh2 h6 22.
Qa4 e5 23. Qb5 Qd6 24. Qb3 Rc7 25. Rb5 Re7 26. Qc4 Nd4 27. Ra5 Nxf3+ 28. gxf3 Qd2 29. Kg2 Qxa5 30. Rg4 Qb6 31. Qc1 Qf6 32. Qe3 Rd4 33.
Rxd4 exd4 34. Qb3 Qg6+ 35. Kf1 d3 36. Qb8+ Kh7 37. Qd8 Qe6 38. Qxd3+ f5 39. Qd8 Qe1+ 40. Kg2 Re2 41. Qd4 Qd2 0-1

[Event "*** SCC Grand Prix: Titled Tuesday Blitz"]
[Site "Chess.com"]
[Date "2020.06.09"]
[Round "7"]
[White "mamonika"]
[Black "1f3_2g41-0"]
[Result "0-1"]
[WhiteElo "1936"]
[BlackElo "2206"]
[TimeControl "180+1"]
[EndTime "10:19:17 PDT"]
[Termination "1f3_2g41-0 won on time"]

1. e4 c5 2. Nf3 d6 3. d4 cxd4 4.
Nxd4 Nf6 5. Nc3 a6 6. Be2 e5 7. Nb3 Be7 8. O-O O-O 9. Be3 Be6 10. Qd2 Nbd7 11. a4 Rc8 12. a5 Qc7 13. Rfd1 Bxb3 14.
cxb3 Nc5 15. Bxc5 dxc5 16. Bc4 Rfd8 17. Bd5 h6 18. Qe2 g6 19. Rd3 Kg7 20. Rh3 Nh5 21. Rxh5 gxh5 22. Qxh5 Bg5 23. h4 Bd2 24. Rd1 Bxc3 25.
bxc3 Qe7 26. Rd3 Rd6 27. Rg3+ Rg6 28. Qf5 Rd8 29. Rf3 Rd7 30. h5 Rg5 31. Qh3 Rd6 32.
Rf5 Rxf5 33. Qxf5 Qf6 34. Qg4+ Qg5 35. Qxg5+ hxg5 36. g4 Rd7 37. Kg2 Kf6 38. f3 Ke7 39.
Kf2 f6 40. Ke3 Kd6 41. Kd3 Kc7 42. Kc4 b6 43. axb6+ Kxb6 44. Kd3 Rc7 45. b4 cxb4 46. cxb4 Rc1 47. Bg8 Rh1 48. Ke3 Kb5 49. Kd2 Kxb4 0-1

[Event "*** SCC Grand Prix: Titled Tuesday Blitz"]
[Site "Chess.com"]
[Date "2020.06.09"]
[Round "7"]
[White "EvgenyRomanov"]
[Black "SergeyKarjakin"]
[Result "0-1"]
[WhiteElo "2666"]
[BlackElo "2962"]
[TimeControl "180+1"]
[EndTime "10:19:18 PDT"]
[Termination "SergeyKarjakin won on time"]

1. Nf3 Nf6 2. b3 d6 3. d4 g6 4. Bb2 Bg7 5. e3 O-O 6. Be2 e5 7. dxe5 Nfd7 8. O-O dxe5 9. e4 Re8 10. Na3 Nc6 11.
Nc4 Qf6 12. Qd2 Nc5 13. Qe3 b6 14. Rad1 Bb7 15. h3 h5 16. a3 Qf4 17. Qxf4 exf4 18. Bxg7 Kxg7 19. e5 Rad8 20. b4 Na4 21. Bd3 Nc3 22. Rde1 Nd4 23. Nxd4 Rxd4 24. f3 Bd5 25.
Nb2 c5 26. bxc5 bxc5 27. Kf2 c4 28. Be2 Rd2 29. Nd1 Rxc2 30. Nxc3 Rxc3 31. Rd1 Rxe5 32. Rd2 Rxa3 33. Rc1 c3 34. Rdc2 Re3 35. Bb5 Be6 36. Re2 Rxe2+ 37. Kxe2 Ra2+ 38. Kf1 c2 39. Bd3 Bf5 40. Bxf5 gxf5 41. Ke1 Kf6 42. h4 Ke5 43. Kd2 Kd4 0-1

[Event "*** SCC Grand Prix: Titled Tuesday Blitz"]
[Site "Chess.com"]
[Date "2020.06.09"]
[Round "7"]
[White "PrinceMurad09"]
[Black "MartinMatthiesen"]
[Result "1-0"]
[WhiteElo "2518"]
[BlackElo "2370"]
[TimeControl "180+1"]
[EndTime "10:19:18 PDT"]
[Termination "PrinceMurad09 won by resignation"]

1. e4 c5 2. Nf3 d6 3. d4 cxd4 4. Nxd4 Nf6 5. Nc3 a6 6. h3 e5 7.
Nde2 Be7 8. a4 O-O 9. g4 h6 10.
Bg2 b6 11. O-O Bb7 12. Be3 Nbd7 13. Qd2 b5 14. Ng3 b4 15. Nd5 Nxd5 16. exd5 a5 17.
Nf5 Ra6 18. f4 exf4 19. Bxf4 Ne5 20. b3 Bg5 21. Rae1 Ng6 22. Be3 Ra8 23. Qd4 Bf6 24.
Qb6 Qxb6 25. Bxb6 Be5 26. Bc7 Ba6 27. Rf2 Rfc8 28. Bxd6 Bf6 29. Nxh6+ gxh6 30. Rxf6 Rxc2 31. Rf2 Rac8 32. Bg3 R2c3 33. d6 Rxg3 34. d7 Rf8 35. Rf3 Rxg2+ 36. Kxg2 Nh4+ 37. Kg3 Nxf3 38. Re8 Ng5 39.
Rxf8+ Kxf8 40. d8=Q+ Kg7 41. Qxa5 Bd3 42. Qxb4 Bg6 43.
a5 Ne4+ 44. Kh2 Ng5 45. a6 Nf3+ 46. Kg3 Ne5 47. Qd4 f6 48. a7 Nc6 49. Qd7+ Bf7 50. Qxc6 1-0

[Event "*** SCC Grand Prix: Titled Tuesday Blitz"]
[Site "Chess.com"]
[Date "2020.06.09"]
[Round "7"]
[White "RusPakhom"]
[Black "korbul"]
[Result "1-0"]
[WhiteElo "2404"]
[BlackElo "2502"]
[TimeControl "180+1"]
[EndTime "10:19:18 PDT"]
[Termination "RusPakhom won by checkmate"]

1. e4 c5 2. c3 Nf6 3. e5 Nd5 4. d4 cxd4 5. Nf3 e6 6. cxd4 d6 7. Bc4 Nc6 8. O-O Be7 9. Qe2 a6 10. Nc3 Nxc3 11. bxc3 Qc7 12. Bd3 d5 13. Bg5 h6 14.
Bxe7 Nxe7 15. c4 dxc4 16. Bxc4 O-O 17. Rac1 Qa5 18. Qe4 Nd5 19. Bd3 f5 20. exf6 Nxf6 21. Qe2 Bd7 22. Ne5 Bb5 23. Nc4 Qd8 24. Qxe6+ Kh8 25.
Rfd1 Qxd4 26. Ne5 Bxd3 27. Rxd3 Qe4 28. Re3 Rac8 29. Rce1 Qc2 30. Nf7+ Kh7 31. Ne5 Rce8 32. Qd6 Qf5 33. Nf3 Rxe3 34. fxe3 Ng4 35. e4 Qf7 36. e5 Re8 37. e6 Qe7 38. Qd3+ Kg8 39. Qc4 b5 40.
Qxg4 Qc5+ 41. Kh1 Qc4 42. Qxc4 bxc4 43. Re4 c3 44. Rc4 Rc8 45. Rxc8+ Kh7 46. Rxc3 Kg6 47. Re3 Kf6 48. e7 Kf5 49. e8=Q Kf4 50. Qe4# 1-0